[ AOE2 MATCH · #472111520 ]
Team RMItalians vs Vietnamese
[ REPLAY ANALYSIS · EXTRACTED FROM THE RECORDED GAME ]
Feudal
—
Castle
—
Imperial
—
| APM avg | 19.1 |
| APM peak | 8 |
| eAPM avg | 19.1 |
| Villagers / military | 4 / 0 |
Focus
⚔️ 0.0% · 🌾 100.0%
Feudal
—
Castle
—
Imperial
—
| APM avg | 23.9 |
| APM peak | 10 |
| eAPM avg | 16.7 |
| Villagers / military | 3 / 0 |
Focus
⚔️ 0.0% · 🌾 100.0%
Feudal
—
Castle
—
Imperial
—
| APM avg | 19.1 |
| APM peak | 8 |
| eAPM avg | 19.1 |
| Villagers / military | 4 / 0 |
Focus
⚔️ 0.0% · 🌾 100.0%
Feudal
—
Castle
—
Imperial
—
| APM avg | 28.7 |
| APM peak | 12 |
| eAPM avg | 16.7 |
| Villagers / military | 4 / 0 |
Focus
⚔️ 0.0% · 🌾 100.0%
Feudal
—
Castle
—
Imperial
—
| APM avg | 21.5 |
| APM peak | 9 |
| eAPM avg | 21.5 |
| Villagers / military | 2 / 0 |
Focus
⚔️ 0.0% · 🌾 100.0%
Feudal
—
Castle
—
Imperial
—
| APM avg | 33.5 |
| APM peak | 14 |
| eAPM avg | 33.5 |
| Villagers / military | 5 / 0 |
Focus
⚔️ 0.0% · 🌾 100.0%
Feudal
—
Castle
—
Imperial
—
| APM avg | 52.6 |
| APM peak | 22 |
| eAPM avg | 28.7 |
| Villagers / military | 3 / 0 |
Focus
⚔️ 0.0% · 🌾 100.0%
Feudal
—
Castle
—
Imperial
—
| APM avg | 21.5 |
| APM peak | 9 |
| eAPM avg | 21.5 |
| Villagers / military | 0 / 0 |
Match map
Resources at game start + every placement click. Thick line = wall · dashed box = detected house wall. 🟡 gold · ⚪ stone · 🟢 berries · 🔶 boar · ⭕ relic
Inputs per minute
— 602406569 - - 放羊老汉
Build order — 602406569
5 actions detected in the replay
| 0:08 | Research | Loom |
| 0:13 | Create | Villager (Male) |
| 0:13 | Create | Villager (Male) |
| 0:14 | Create | Villager (Male) |
| 0:14 | Create | Villager (Male) |
Build order — 放羊老汉
5 actions detected in the replay
| 0:01 | Create | Villager (Male) |
| 0:01 | Create | Villager (Male) |
| 0:01 | Create | Villager (Male) |
| 0:05 | Build | House |
| 0:07 | Build | House |
Build order — Livid Turtle
1 actions detected in the replay
| 0:04 | Create | Villager (Male) ×4 |
Build order — Takeda-Shingen
3 actions detected in the replay
| 0:03 | Create | Villager (Male) ×4 |
| 0:05 | Build | House |
| 0:07 | Build | House |
Build order — Jan_Rui
2 actions detected in the replay
| 0:18 | Create | Villager (Male) |
| 0:18 | Create | Villager (Male) |
Build order — agiardpro
7 actions detected in the replay
| 0:05 | Build | House |
| 0:07 | Build | House |
| 0:08 | Create | Villager (Male) |
| 0:08 | Create | Villager (Male) |
| 0:08 | Create | Villager (Male) |
| 0:09 | Create | Villager (Male) |
| 0:09 | Create | Villager (Male) |
Build order — zzx
3 actions detected in the replay
| 0:04 | Create | Villager (Male) |
| 0:20 | Create | Villager (Male) |
| 0:20 | Create | Villager (Male) |
Build order — redchochorus
0 actions detected in the replay
Match timeline
| 0:01 | redchochorus · resign |
[ AI ANALYSIS · 1 CREDIT ]
What really happened in this match?
Wolo.gg analyzes every decision: build order, eco, micro, common mistakes by bracket. Personalized analysis on WhatsApp or Discord in 30 seconds.
Civ guide
Italians
Map guide
Black Forest
Perfil
602406569